 Dungeon Crawl Stone Soup version 0.30-a0-918-g0ff054e9dc (webtiles) character file.

Game seed: 4182587153199472410

170 lunkers the Digger (level 6, 0/45 HPs)
             Began as a Meteoran Earth Elementalist on Mar 20, 2023.
             Slain by an orc
             ... wielding a +0 short sword
              (4 damage)
             ... on level 4 of the Dungeon.
             The game lasted 00:03:56 (1316 turns).

lunkers the Digger (Meteoran Earth Elementalist)    Turns: 1316, Time: 00:03:57

Health: 0/45       AC:  2    Str: 10    XL:     6   Next: 8%
Magic:  12/13      EV: 12    Int: 19    God:
Gold:   160        SH:  0    Dex: 14    Spells: 7/13 levels left

rFire   . . .      SeeInvis .    p - staff of air
rCold   . . .      Faith    .    (no shield)
rNeg    . . .      Spirit   .    a - +0 robe
rPois   .          Reflect  .    (no helmet)
rElec   +          Rampage  .    (no cloak)
rCorr   +                        (no gloves)
Will    .....                    (no boots)
Stlth   +                        u - amulet of magic regeneration
HPRegen 0.27/turn                j - ring of resist corrosion
MPRegen 0.53/turn                (no ring)

@: about to teleport, glowing
A: sense surroundings 1, otherworldly, glowing, explore regen
a: no special abilities


You were on level 4 of the Dungeon.
You visited 1 branch of the dungeon, and saw 4 of its levels.

You collected 160 gold pieces.

Inventory:

Armour
 a - a +0 robe (worn)
Magical Staves
 p - a staff of air (weapon)
Jewellery
 j - a ring of resist corrosion (left hand)
 u - an amulet of magic regeneration (around neck)
Wands
 t - a wand of flame (14)
Scrolls
 k - 2 scrolls of teleportation
Potions
 b - a potion of magic
 e - a potion of resistance {unknown}
 f - 3 potions of curing {unknown}
 g - 2 potions of invisibility
 h - 2 potions of flight
 i - a potion of haste {unknown}
 m - a potion of heal wounds {unknown}
 o - a potion of attraction {unknown}
 q - a potion of ambrosia {unknown}
 r - a potion of might {unknown}


   Skills:
 - Level 2.4 Dodging
 - Level 1.4 Stealth
 + Level 4.2 Spellcasting
 * Level 2.1 Conjurations
 - Level 1.2 Transmutations
 * Level 2.1 Air Magic
 - Level 5.4 Earth Magic


You had 7 spell levels left.
You knew the following spells:

 Your Spells              Type           Power      Damage    Failure   Level
a - Sandblast             Erth           48%        2d12      1%          1
b - Passwall              Tmut/Erth      13%        N/A       5%          2
c - Stone Arrow           Conj/Erth      36%        3d9       9%          3

Your spell library contained the following spells:

 Spells                   Type           Power      Damage    Failure   Level
 Shock                    Conj/Air       72%        1d7       5%          1
 Static Discharge         Conj/Air       36%        2-4/arc   9%          2
 Vhi's Electric Charge    Tloc/Air       24%        N/A       26%         3
 Petrify                  Tmut/Erth      16%        N/A       34%         4
 Gell's Gravitas          Tloc           4%         N/A       38%         3
 Teleport Other           Tloc           4%         N/A       38%         3
 Arcjolt                  Conj/Air       9%         1d19      83%         5
 Fireball                 Conj/Fire      4%         3d4       94%         5
 Plasma Beam              Fire/Air       6%         2x1d18    94%         5
 Conjure Ball Lightning   Conj/Air       9%         3x3d6     100%        6
 Dispersal                Tloc           2%         N/A       100%        6


Dungeon Overview and Level Annotations

Branches:
Dungeon (4/15) Zot: 1048
 Temple: D:4-7

Altars:
Okawaru
Wu Jian

Shops:
D:3 *

Annotations:
D:4 Grinder


Innate Abilities, Weirdness & Mutations

You passively map a small area around you.
You are easily found by Zot.
You glow in the dark.
You regain HP and MP as you explore.


Message History

Grinder gestures at you. Pain shoots through your body!
* * * LOW HITPOINT WARNING * * *
Aiming: Sandblast (safe; 1% risk of failure)
Press: ? - help, Q - select action, (/) - cycle Shift-Dir - straight line, f/p - orc priest
Aim: an orc priest, wielding a +0 mace (moderately wounded, 83% to hit)
The blast of sand misses the orc priest.
A ball python comes into view.
Unknown command.
Aiming: Sandblast (safe; 1% risk of failure)
Press: ? - help, Q - select action, (/) - cycle Shift-Dir - straight line, f/p - orc priest
Aim: an orc priest, wielding a +0 mace (moderately wounded, 83% to hit)
The blast of sand hits the orc priest!
The orc priest is almost dead.
The orc priest hits you with a +0 mace.
* * * LOW HITPOINT WARNING * * *
The orc priest hits you with a +0 mace.
* * * LOW HITPOINT WARNING * * *
Aiming: Sandblast (safe; 1% risk of failure)
Press: ? - help, Q - select action, (/) - cycle Shift-Dir - straight line, f/p - orc priest
Aim: an orc priest, wielding a +0 mace (almost dead, 83% to hit)
The blast of sand hits the orc priest!
You kill the orc priest!
Grinder gestures at you.
You struggle to resist.
The orc hits you with a +0 short sword.
* * * LOW HITPOINT WARNING * * *
The ball python bites you.
* * * LOW HITPOINT WARNING * * *
The ball python misses you.
Your Conjurations skill increases to level 2!
Your Air Magic skill increases to level 2!
You have reached level 6!
You feel clever.
As you read the scroll of teleportation, it crumbles to dust.
You feel strangely unstable. Grinder hits you!
* * * LOW HITPOINT WARNING * * *
You writhe in agony.
* * * LOW HITPOINT WARNING * * *
The orc hits you with a +0 short sword.
You die...

, , #...........#.. ,
#####...........#.. ,
,.##.....######....#..
, ,,.#.....+ ,#....#..
,,,'.....# ,,#....#..
** *######.....#
,#....### ..........#
*####'#.... ,
......5S..# #....#....
, .....o.@..#
#....#.... .......o..#
#....#.... ,,
..$.......###
######....
+#######....# *
#..####+ , ,#....#
,........ , , ,, ,
+....# >....... ,
*###....###########' *
#.................. ,
, #..................


You could see Grinder, 2 orcs and a ball python.

Vanquished Creatures
  A bullfrog (D:4)
  An orc priest (D:4)
  3 adders (D:2)
  A worm (D:2)
  A dart slug (D:2)
  5 ball pythons
  4 endoplasms
  3 giant cockroaches
  5 goblins
  5 hobgoblins
  2 jackals (D:3)
  3 kobolds
  3 quokkas (D:2)
  4 bats
  3 frilled lizards
  2 rats
46 creatures vanquished.

Notes
Turn   | Place    | Note
-------+----------+-------------------------------------------
     0 | D:1      | lunkers the Meteoran Earth Elementalist began the quest for
                  | the Orb.
     0 | D:1      | Reached XP level 1. HP: 14/14 MP: 5/5
    62 | D:1      | Reached skill level 4 in Earth Magic
    62 | D:1      | Reached XP level 2. HP: 20/20 MP: 4/6
    94 | D:1      | Got Sif Muna's Essays on Conflict
   227 | D:2      | Reached XP level 3. HP: 26/26 MP: 6/8
   304 | D:2      | Reached skill level 5 in Earth Magic
   304 | D:2      | Reached XP level 4. HP: 33/33 MP: 2/10
   597 | D:3      | Found an ornate altar of the Wu Jian Council.
   860 | D:3      | Found an iron altar of Okawaru.
   898 | D:3      | Learned a level 2 spell: Passwall
   902 | D:3      | Learned a level 3 spell: Stone Arrow
   904 | D:3      | Found Suneiwet's Assorted Antiques.
  1155 | D:4      | Noticed a bullfrog
  1158 | D:4      | Killed a bullfrog
  1159 | D:4      | Reached skill level 1 in Conjurations
  1159 | D:4      | Reached skill level 1 in Air Magic
  1159 | D:4      | Reached XP level 5. HP: 33/38 MP: 9/12
  1310 | D:4      | Noticed Grinder
  1316 | D:4      | Reached XP level 6. HP: 17/45 MP: 11/13
  1316 | D:4      | Slain by an orc

Illustrated notes

Levels and vault maps discovered:
D:1:      dpeg_arrival_fog, layout_basic, minmay_strange_pillars
D:2:      kennysheep_six_static_rooms, layout_basic, feat_on_display
D:3:      layout_basic, nzn_wu_jian_council_hall, okawaru_metal_pillars_1_2,
          serial_shops, shop_statue, uniq_robin
D:4:      layout_gridville, lemuel_coloured_pillars_altar,
          amcnicky_altar_gilded, nicolae_ossuary_entry_catacombs,
          minmay_circle_x, uniq_grinder

Skill      XL: |  1  2  3  4  5 |
---------------+----------------+-----
Earth Magic    | 4 5 |  5.4
Spellcasting   | 3 4 |  4.2
Conjurations   | 1 2 |  2.1
Air Magic      | 1 2 |  2.1
Dodging        | |  2.4
Stealth        | |  1.4
Transmutations | |  1.2

Action                     |  1- 3 |  4- 6 || total
---------------------------+-------+-------++-------
   Cast: Sandblast         |    28 |    44 ||    72
    Use: Scroll            |       |     8 ||     8
 Armour: Robe              |     1 |     4 ||     5
  Dodge: Dodged            |     8 |     5 ||    13

Table legend: (Time is in decaauts)
 A = Elapsed time spent in this place.
 B = Non-inter-level travel time spent in this place.
 C = Inter-level travel time spent in this place.
 D = Time resting spent in this place.
 E = Time spent auto-exploring this place.
 F = Levels seen in this place.
 G = Mean time per level.
                   A        B        C        D        E       F      G
               +--------+--------+--------+--------+--------+-----+--------+
         Total |   1350 |   1327 |     23 |      0 |    985 |   4 |  337.5 |
       Dungeon |   1350 |   1327 |     23 |      0 |    985 |   4 |  337.5 |
               +--------+--------+--------+--------+--------+-----+--------+

Top non-repeatable levels by time:
     D:3: 503 daAuts
     D:2: 410 daAuts
     D:4: 235 daAuts
     D:1: 200 daAuts
